 Dungeon Sprint DCSS version 0.21-a0-84-g85d6d27 (webtiles) character file.

23537 HallandMoats the Victor of a Thousand Battles (level 12, 0/114 HPs)
             Began as a Demonspawn Fighter on July 6, 2017.
             Was the Champion of Okawaru.
             Slain by a frost giant simulacrum (24 damage)
             ... animated by a necromancer
             ... in the Dungeon (Sprint IX: "|||||||||||||||||||||||||||||").
             The game lasted 00:07:11 (1841 turns).

HallandMoats (DsFi)                                 Turns: 1841, Time: 00:07:12

Health: 0/114      AC: 15    Str: 20    XL:     12   Next: 72%
Magic:  19/25      EV: 24    Int: 11    God:    Okawaru [******]
Gold:   35         SH: 14    Dex: 16    Spells: 11/11 levels left

rFire    . . .     SeeInvis .   a - +1 demon whip (venom)
rCold    . . .     Gourm    .   c - +0 shield
rNeg     . . .     Faith    .   j - +2 robe of Ypisug {rPois MR+++ rCorr Str-3}
rPois    +         Spirit   .   y - +0 helmet
rElec    .         Reflect  .   r - +0 cloak
rCorr    +         Harm     .   q - +0 pair of gloves
MR       +++..     NoTele   +   N - +1 pair of boots
Stlth    +++.......             (no amulet)
HPRegen  1.29/turn              t - +3 ring of strength
MPRegen  0.19/turn              u - +3 ring of strength

@: heroism, finesse
A: talons 2, slimy green scales 1, powered by death 2
a: Heroism, Finesse, Renounce Religion


You were in the Dungeon.
You worshipped Okawaru.
Okawaru was exalted by your worship.
You were very hungry.

You visited 1 branch You collected 1922 gold pieces.
You spent 1887 gold pieces at shops.

Inventory:

Hand Weapons
 a - a +1 demon whip of venom (weapon)
Armour
 c - a +0 shield (worn)
 j - the +2 robe of Ypisug (worn) {rPois MR+++ rCorr Str-3}
   (You found it in the Dungeon)

   It affects your strength (-3).
   It protects you from poison.
   It affects your resistance to hostile enchantments.
   It protects you from acid and corrosion.
 q - a +0 pair of gloves (worn)
 r - a +0 cloak (worn)
 y - a +0 helmet (worn)
 B - a +1 crystal plate armour
 M - a +3 chain mail of positive energy
 N - a +1 pair of boots (worn)
Jewellery
 l - an uncursed ring of ice
 t - a +3 ring of strength (left hand)
 u - a +3 ring of strength (right hand)
 K - an uncursed ring of protection from magic
 L - an uncursed ring of fire
Wands
 o - a wand of acid (7/15)
 s - a wand of paralysis (11/24)
Scrolls
 k - 4 scrolls of blinking
 m - 3 scrolls of remove curse
 n - 2 scrolls of amnesia
 v - 2 scrolls of enchant weapon
 w - 2 scrolls of recharging
 G - a scroll of identify {unknown}
 I - a scroll of immolation {unknown}
 O - 4 scrolls of enchant armour
 P - 2 scrolls of fear
Potions
 b - 3 potions of brilliance
 d - 4 potions of might
 e - 8 potions of curing
 g - 5 potions of heal wounds
 h - 3 potions of haste
 i - 4 potions of magic
 p - 3 potions of cancellation
 C - a potion of ambrosia
 D - 2 potions of resistance
 E - a potion of invisibility
 H - 3 potions of agility
 J - 3 potions of mutation
Miscellaneous
 F - a phantom mirror
Comestibles
 f - 13 bread rations
 x - 40 fruits
 z - 12 meat rations


   Skills:
 * Level 17.3(22.3) Fighting
 * Level 14.0(19.0) Maces & Flails
 + Level 10.5(15.5) Armour
 + Level 10.1(15.1) Dodging
 + Level 10.6(15.6) Shields
 * Level 18.7 Invocations


You had 11 spell levels left.
You didn't know any spells.

Dungeon Overview and Level Annotations

Branches:
Dungeon (1/1)

Altars:
Cheibriados
Dithmenos
Elyvilon
Fedhas
Gozag
Hepliaklqana
Kikubaaqudgha
Makhleb
Nemelex Xobeh
Okawaru
Qazlal
Ru
Sif Muna
Trog
Uskayaw
Vehumet
Wu Jian
Xom
Yredelemnul
Zin
The Shining One
Beogh
Jiyva
Lugonu

Shops:
D !*}


Innate Abilities, Weirdness & Mutations

You have razor-sharp toenails.
You are partially covered in slimy green scales. (AC +2)
You regenerate health from kills.


Message History

You block the fire dragon simulacrum's attack.
The fire dragon simulacrum closely misses you.
The fire dragon simulacrum completely misses you.
You feel much better.
The fire dragon simulacrum completely misses you.
The fire dragon simulacrum closely misses you. x2
You block the frost giant simulacrum's attack.
You hit the fire dragon simulacrum but do no damage.
You hit the fire dragon simulacrum.
The fire dragon simulacrum is lightly damaged.
You hit the fire dragon simulacrum.
The fire dragon simulacrum is moderately damaged.
You whack the fire dragon simulacrum!
The fire dragon simulacrum is heavily damaged.
You thrash the fire dragon simulacrum!!
The fire dragon simulacrum vapourises!
The frost giant simulacrum hits you!
* * * LOW HITPOINT WARNING * * *
The frost giant simulacrum freezes you!!
You die...

▓▓▓▓▓▓▓▓▓▓▓▓▓▓▓▓▓▓▓
+Z@§.[)()(()††[.'[.
▓▓▓▓▓▓▓▓▓▓▓▓▓▓▓▓▓▓▓▓▓▓▓▓▓▓▓▓▓
▓............................
▓.▓▓▓▓▓▓▓▓▓▓▓▓▓▓▓▓▓▓▓▓▓▓▓▓▓▓▓
▓.........'..)..∩.∩)∩)∩.)))))
▓▓▓▓▓▓▓▓▓▓▓▓▓▓▓▓▓▓▓▓▓▓▓▓▓▓▓▓▓
▓............................
▓.▓▓▓▓▓▓▓▓▓▓▓▓▓▓▓▓▓▓▓▓▓▓▓▓▓▓▓
▓....'[.[..[..'.).......÷%.%.


You could see a frost giant simulacrum.

Vanquished Creatures
  A frost giant (D)
  An ettin (D)
  3 fire dragons (D)
  2 ogre magi (D)
  A rakshasa (D)
  10 two-headed ogres (D)
  An orc high priest (D)
  An orc knight (D)
  A necromancer (D)
  2 ugly things (D)
  An orc sorcerer (D)
  2 cyclopes (D)
  An elephant (D)
  Joseph (D)
  A black mamba (D)
  A kobold demonologist (D)
  6 spiny frogs (D)
  2 komodo dragons (D)
  A troll (D)
  A slime creature (D)
  A tyrant leech (D)
  A blink frog (D)
  A hippogriff (D)
  A wraith (D)
  A vampire (D)
  A wyvern (D)
  A yak (D)
  2 vampire mosquitoes (D)
  4 porcupines (D)
  10 orc warriors (D)
  An ice beast (D)
  An ogre (D)
  A wolf (D)
  2 centaurs (D)
  6 bullfrogs (D)
  A scorpion (D)
  A hound (D)
  2 orc priests (D)
  A jelly (D)
  4 orc wizards (D)
  A worker ant (D)
  8 orcs (D)
  2 bats (D)
  A bat skeleton (D)
  A hobgoblin (D)
  A jackal (D)
  A frilled lizard (D)
  A leopard gecko skeleton (D)
  2 leopard gecko zombies (D)
  A rat (D)
102 creatures vanquished.

Notes
Turn   | Place    | Note
-------+----------+-------------------------------------------
     0 | D        | HallandMoats the Demonspawn Fighter began the quest for the Orb.
     0 | D        | Reached XP level 1. HP: 18/18 MP: 1/1
   132 | D        | Noticed an ice beast
   132 | D        | Noticed a jelly
   140 | D        | Killed a jelly
   140 | D        | Gained mutation: You regenerate a little health from kills. [demonic ancestry]
   140 | D        | Reached XP level 2. HP: 31/31 MP: 2/2
   140 | D        | Gained mutation: You are partially covered in slimy green scales. (AC +2) [demonic ancestry]
   140 | D        | Reached XP level 3. HP: 36/36 MP: 3/3
   150 | D        | Killed an ice beast
   150 | D        | Reached skill level 10 in Fighting
   150 | D        | Reached XP level 4. HP: 47/47 MP: 4/4
   158 | D        | Found a roughly hewn altar of Beogh.
   158 | D        | Found a snail-covered altar of Cheibriados.
   158 | D        | Found a shadowy altar of Dithmenos.
   158 | D        | Found a white marble altar of Elyvilon.
   158 | D        | Found a blossoming altar of Fedhas.
   158 | D        | Found an opulent altar of Gozag.
   159 | D        | Found a hazy altar of Hepliaklqana.
   160 | D        | Found a viscous altar of Jiyva.
   161 | D        | Found an ancient bone altar of Kikubaaqudgha.
   162 | D        | Found a corrupted altar of Lugonu.
   163 | D        | Found a burning altar of Makhleb.
   164 | D        | Found a sparkling altar of Nemelex Xobeh.
   165 | D        | Found an iron altar of Okawaru.
   166 | D        | Found a stormy altar of Qazlal.
   167 | D        | Found a sacrificial altar of Ru.
   168 | D        | Found a deep blue altar of Sif Muna.
   169 | D        | Found a bloodstained altar of Trog.
   170 | D        | Found a hide-covered altar of Uskayaw.
   171 | D        | Found a radiant altar of Vehumet.
   172 | D        | Found an ornate altar of the Wu Jian Council.
   173 | D        | Became a worshipper of Warmaster Okawaru
   174 | D        | Found a shimmering altar of Xom.
   175 | D        | Found a basalt altar of Yredelemnul.
   176 | D        | Found a glowing silver altar of Zin.
   177 | D        | Found a glowing golden altar of the Shining One.
   237 | D        | Noticed a wyvern
   237 | D        | Noticed a wraith
   237 | D        | Noticed an orc warrior
   237 | D        | Noticed a centaur
   239 | D        | Reached skill level 1 in Invocations
   239 | D        | Reached XP level 5. HP: 53/53 MP: 4/6
   242 | D        | Killed a centaur
   242 | D        | Reached skill level 1 in Dodging
   242 | D        | Reached skill level 4 in Invocations
   244 | D        | Killed an orc warrior
   244 | D        | Reached * piety under Okawaru
   244 | D        | Reached skill level 5 in Invocations
   244 | D        | Gained mutation: You have sharp toenails. [demonic ancestry]
   244 | D        | Reached XP level 6. HP: 55/61 MP: 4/9
   256 | D        | Killed a wraith
   256 | D        | Reached skill level 5 in Maces & Flails
   256 | D        | Reached skill level 6 in Invocations
   263 | D        | Killed a wyvern
   263 | D        | Reached skill level 7 in Invocations
   263 | D        | Reached XP level 7. HP: 44/68 MP: 6/12
   324 | D        | Noticed a cyclops
   324 | D        | Noticed a slime creature
   324 | D        | Noticed a troll
   332 | D        | Reached ** piety under Okawaru
   332 | D        | Reached skill level 8 in Invocations
   338 | D        | Killed a troll
   338 | D        | Reached skill level 5 in Armour
   338 | D        | Reached skill level 5 in Shields
   344 | D        | Killed a slime creature
   344 | D        | Reached skill level 9 in Invocations
   344 | D        | Gained mutation: You have razor-sharp toenails. [demonic ancestry]
   344 | D        | Reached XP level 8. HP: 33/76 MP: 11/15
   350 | D        | Killed a cyclops
   350 | D        | Reached *** piety under Okawaru
   350 | D        | Reached skill level 10 in Invocations
   458 | D        | Got the +2 robe of Ypisug {rPois MR+++ rCorr Str-3}
   482 | D        | Noticed a spiny frog
   482 | D        | Noticed a spiny frog
   483 | D        | Noticed a spiny frog
   485 | D        | Noticed a black mamba
   487 | D        | Killed a spiny frog
   487 | D        | Reached skill level 5 in Dodging
   492 | D        | Noticed a komodo dragon
   499 | D        | Killed a spiny frog
   499 | D        | Reached **** piety under Okawaru
   499 | D        | Reached skill level 11 in Invocations
   499 | D        | Reached XP level 9. HP: 36/84 MP: 15/17
   513 | D        | Killed a spiny frog
   523 | D        | Killed a black mamba
   523 | D        | Reached skill level 12 in Invocations
   533 | D        | Killed a komodo dragon
   533 | D        | Reached ***** piety under Okawaru
   848 | D        | Noticed a komodo dragon
   848 | D        | Noticed a spiny frog
   848 | D        | Noticed a spiny frog
   857 | D        | Killed a spiny frog
   864 | D        | Noticed an elephant
   873 | D        | Killed a spiny frog
   873 | D        | Gained mutation: You regenerate health from kills. [demonic ancestry]
   873 | D        | Reached XP level 10. HP: 93/93 MP: 13/19
   883 | D        | Reached skill level 13 in Invocations
   906 | D        | Killed an elephant
   906 | D        | Reached skill level 10 in Maces & Flails
   915 | D        | Noticed a spiny frog
   939 | D        | Killed a spiny frog
   943 | D        | Reached skill level 14 in Invocations
  1071 | D        | Noticed Joseph
  1086 | D        | Killed Joseph
  1128 | D        | Noticed an orc knight
  1140 | D        | Noticed an orc high priest
  1160 | D        | Killed an orc knight
  1176 | D        | Killed an orc high priest
  1176 | D        | Reached ****** piety under Okawaru
  1225 | D        | Noticed an orc sorcerer
  1236 | D        | Received a gift from Okawaru
  1241 | D        | Killed an orc sorcerer
  1241 | D        | Reached XP level 11. HP: 101/101 MP: 16/22
  1246 | D        | Reached skill level 15 in Fighting
  1246 | D        | Reached skill level 15 in Invocations
  1339 | D        | Found Plog's Distillery.
  1339 | D        | Noticed a two-headed ogre
  1339 | D        | Noticed a two-headed ogre
  1339 | D        | Noticed a two-headed ogre
  1339 | D        | Noticed an ogre mage
  1339 | D        | Noticed a two-headed ogre
  1344 | D        | Killed a two-headed ogre
  1347 | D        | Noticed a two-headed ogre
  1350 | D        | Killed an ogre mage
  1355 | D        | Killed a two-headed ogre
  1356 | D        | Found Wonu's Gadget Shop.
  1362 | D        | Killed a two-headed ogre
  1362 | D        | Reached skill level 16 in Invocations
  1372 | D        | Killed a two-headed ogre
  1379 | D        | Killed a two-headed ogre
  1380 | D        | Found Rutipueg's Assorted Antiques.
  1380 | D        | Noticed a two-headed ogre
  1385 | D        | Found Meewn's Distillery.
  1385 | D        | Noticed an ogre mage
  1386 | D        | Noticed a two-headed ogre
  1392 | D        | Killed a two-headed ogre
  1393 | D        | Noticed a two-headed ogre
  1399 | D        | Killed an ogre mage
  1399 | D        | Received a gift from Okawaru
  1400 | D        | Noticed a two-headed ogre
  1408 | D        | Killed a two-headed ogre
  1412 | D        | Killed a two-headed ogre
  1412 | D        | Reached skill level 17 in Invocations
  1419 | D        | Killed a two-headed ogre
  1419 | D        | Reached XP level 12. HP: 102/112 MP: 21/24
  1420 | D        | Noticed a two-headed ogre
  1430 | D        | Killed a two-headed ogre
  1497 | D        | Bought 2 potions of curing for 78 gold pieces
  1497 | D        | Bought a potion of cancellation for 104 gold pieces
  1497 | D        | Bought 2 potions of might for 104 gold pieces
  1497 | D        | Bought a potion of ambrosia for 104 gold pieces
  1497 | D        | Bought a potion of resistance for 130 gold pieces
  1497 | D        | Bought 2 potions of cancellation for 208 gold pieces
  1497 | D        | Bought a potion of invisibility for 104 gold pieces
  1499 | D        | Bought a phantom mirror for 330 gold pieces
  1501 | D        | Bought a scroll labeled KAUNA GAUQUHAWN for 29 gold pieces
  1501 | D        | Bought a potion of resistance for 290 gold pieces
  1501 | D        | Bought a smoky dark potion for 26 gold pieces
  1501 | D        | Bought a smoky dark potion for 26 gold pieces
  1501 | D        | Bought a scroll labeled MAXANWI VAUMO for 29 gold pieces
  1503 | D        | Bought 2 potions of mutation for 208 gold pieces
  1503 | D        | Bought a potion of agility for 52 gold pieces
  1503 | D        | Bought a potion of heal wounds for 65 gold pieces
  1683 | D        | Noticed an ettin
  1701 | D        | Received a gift from Okawaru
  1702 | D        | Noticed a rakshasa
  1712 | D        | Reached skill level 10 in Shields
  1713 | D        | Noticed a fire dragon
  1721 | D        | Killed an ettin
  1721 | D        | Reached skill level 10 in Armour
  1722 | D        | Noticed a fire dragon
  1727 | D        | Noticed a fire dragon
  1742 | D        | Noticed a frost giant
  1763 | D        | Killed a rakshasa
  1763 | D        | Reached skill level 18 in Invocations
  1777 | D        | Killed a fire dragon
  1793 | D        | Killed a fire dragon
  1810 | D        | Killed a fire dragon
  1810 | D        | Reached skill level 10 in Dodging
  1822 | D        | Killed a frost giant
  1841 | D        | Slain by a frost giant simulacrum

Vault maps used:
D:        linesprint

Skill      XL: |  1  2  3  4  5  6  7  8  9 10 11 12 |
---------------+-------------------------------------+-----
Fighting       | 7 10 11 12 13 14 16 17 | 17.3
Maces & Flails | 2 4 5 6 8 9 11 12 14 | 14.0
Invocations    | 1 5 7 9 11 12 14 17 18 | 18.7
Armour         | 3 4 5 6 7 8 9 10 | 10.5
Dodging        | 2 3 4 5 6 7 9 10 | 10.1
Shields        | 3 4 5 6 7 8 9 10 | 10.6

Action                   |  1- 3 |  4- 6 |  7- 9 | 10-12 || total
-------------------------+-------+-------+-------+-------++-------
Melee: Flail             |    30 |       |       |       ||    30
       Dire flail        |       |    23 |    92 |   250 ||   365
       Kick              |       |     4 |    32 |    20 ||    56
       Demon whip        |       |       |       |   141 ||   141
Invok: Heroism           |       |       |     4 |     5 ||     9
       Finesse           |       |       |     1 |     4 ||     5
  Use: Potion            |     1 |     1 |     1 |     2 ||     5
 Stab: Invisible         |       |     2 |       |       ||     2
       Sleeping          |       |       |     1 |       ||     1
       Distracted        |       |       |       |     1 ||     1
  Eat: Chunk             |       |       |       |     2 ||     2
Armor: Scale mail        |    16 |     3 |     8 |       ||    27
       Robe              |       |       |     6 |    40 ||    46
Dodge: Dodged            |    15 |    12 |    42 |   131 ||   200
Block: Shield            |    11 |       |       |    38 ||    49
